 Dungeon Crawl Stone Soup version 0.28.0-53-g5a82cb258f (webtiles) character file.

Game seed: 2832861847780661308

4856 Descartes the Blocker (level 10, -3/61 (70) HPs)
             Began as a Formicid Fighter on Aug 21, 2022.
             Was an Initiate of Gozag.
             Slain by a wight
             ... wielding a +2 spear
              (9 damage)
             ... on level 7 of the Dungeon.
             The game lasted 00:20:39 (11432 turns).

Descartes the Blocker (Formicid Fighter)           Turns: 11432, Time: 00:20:40

HP:   -3/61 (70)    AC:  8    Str: 22    XL:     10   Next: 78%
MP:   15/15         EV:  9    Int: 11    God:    Gozag
Gold: 492           SH:  5    Dex: 10    Spells: 16/16 levels left

rFire   . . .      SeeInvis +   u - +7 hand axe "Ifrif" {spect, rCorr}
rCold   . . .      Faith    .   c - +0 buckler
rNeg    . . .      Spirit   .   w - +0 scale mail {rPois}
rPois   +          Reflect  .   (helmet unavailable)
rElec   .          Harm     .   (no cloak)
rCorr   +          Rampage  .   (no gloves)
Will    +....                   (no boots)
Stlth   ..........              (no amulet)
HPRegen 0.20/turn               (no ring)
MPRegen 0.14/turn               (no ring)

@: gold aura, heavily drained
A: permanent stasis, dig shafts and tunnels, antennae 3, four strong arms
a: Dig, Shaft Self, Renounce Religion, Potion Petition, Call Merchant, Bribe
Branch


You were on level 7 of the Dungeon.
You worshipped Gozag.
Gozag was aware of your devotion.
You visited 2 branches of the dungeon, and saw 8 of its levels.
You also visited: Bailey.

You collected 1761 gold pieces.
You paid 1269 gold pieces to Gozag.

Inventory:

Hand Weapons
 d - a +0 whip of venom
 u - the +7 hand axe "Ifrif" (weapon) {spect, rCorr}
   (You found it on level 3 of the Dungeon)

   When its wielder attacks, the weapon's spirit leaps out and strikes again.
   The spirit shares a part of any damage it takes with its wielder.
   rCorr:     It protects you from acid and corrosion.
 I - a +2 vampiric spear
 J - a +0 bardiche
 K - a +3 flail
Missiles
 e - 466 stones
 j - 15 boomerangs
 k - 58 arrows
 r - 126 sling bullets
 F - 5 throwing nets
 G - 5 poisoned darts
Armour
 c - a +0 buckler (worn)
 l - a +0 crystal plate armour
 v - the +1 robe of Vlad {*Corrode Will+++ Str-3 Dex+5}
   (You found it on level 3 of the Dungeon)

   Str:       It affects your strength (-3).
   Dex:       It affects your dexterity (+5).
   *Corrode:  It may corrode you when you take damage.
   Will:      It greatly increases your willpower.
 w - a +0 scale mail of poison resistance (worn)
 x - a +2 robe of willpower
Jewellery
 y - a +6 ring of dexterity
Wands
 B - a wand of flame (11)
Scrolls
 g - 5 scrolls of identify
 m - a scroll of noise
 n - 2 scrolls of blinking {unknown}
 o - 3 scrolls of amnesia
 q - 2 scrolls of magic mapping
 z - 2 scrolls of teleportation {unknown}
 A - a scroll of acquirement {unknown}
 E - a scroll of enchant weapon {unknown}
Potions
 a - a potion of ambrosia {unknown}
 f - a potion of brilliance {unknown}
 i - 2 potions of mutation {unknown}
 s - 2 potions of attraction {unknown}
 t - a potion of resistance {unknown}
 C - a potion of lignification {unknown}
 D - a potion of might
 H - a potion of flight {unknown}
Miscellaneous
 p - a lightning rod (4/4)


   Skills:
 - Level 3.4 Fighting
 + Level 5.0(6.3) Axes
 + Level 4.0(5.2) Maces & Flails
 + Level 4.1(5.3) Polearms
 * Level 7.4 Armour
 * Level 8.3 Shields
 + Level 3.9 Spellcasting
 + Level 4.9 Hexes
 + Level 3.9 Translocations
 + Level 4.9 Earth Magic
 - Level 1.0 Poison Magic
 + Level 4.4 Evocations


You had 16 spell levels left.
You didn't know any spells.
Your spell library contained the following spells:

 Spells                   Type           Power      Damage    Failure   Level
 Summon Small Mammal      Summ           8%         N/A       56%         1
 Summon Guardian Golem    Hex/Summ       7%         N/A       58%         3
 Poisonous Vapours        Pois/Air       6%         N/A       63%         2
 Leda's Liquefaction      Hex/Erth       6%         N/A       65%         4
 Corpse Rot               Necr/Air       4%         N/A       71%         2
 Call Canine Familiar     Summ           2%         N/A       90%         3
 Lee's Rapid Deconstruct  Erth           6%         3d7*      94%         5
 Summon Forest            Summ/Tloc      3%         N/A       100%        5
 Eringya's Noxious Bog    Tmut/Pois      1%         N/A       100%        6
 Statue Form              Tmut/Erth      4%         N/A       100%        6
 Summon Hydra             Summ           1%         N/A       100%        7


Dungeon Overview and Level Annotations

Branches:
Dungeon (7/15)             Temple (1/1) D:5          Bailey (visited)

Altars:
Ashenzari
Cheibriados
Dithmenos
Elyvilon
Fedhas
Gozag
Hepliaklqana
Kikubaaqudgha
Makhleb
Nemelex Xobeh
Okawaru
Qazlal
Ru
Sif Muna
Trog
Uskayaw
Vehumet
Wu Jian
Xom
Yredelemnul
Zin
The Shining One


Innate Abilities, Weirdness & Mutations

You cannot be hasted, slowed, berserked, paralysed or teleported.
You can dig through walls and to a lower floor.
You have a pair of large antennae on your head. (SInv)
Your four strong arms can wield two-handed weapons with a shield.


Message History

The wight hits you from afar with a +2 spear!
You feel drained.
You hit the wight.
The wight is almost destroyed.
You slash the wight!
Your +7 hand axe "Ifrif" {spect, rCorr} barely misses the wight.
Your +7 hand axe "Ifrif" {spect, rCorr} hits the wight!
You destroy the wight!
The wight barely misses you.
The wight hits you from afar with a +2 spear.
You feel drained.
You barely miss the wight.
The wight is severely damaged.
Your +7 hand axe "Ifrif" {spect, rCorr} misses the wight.
The wight hits you with a +3 morningstar of freezing.
You feel drained. The wight freezes you. The wight hits you but does no damage.
You are too injured to fight recklessly!
You are too injured to fight recklessly!
You are too injured to fight recklessly!
Unknown command.
Unknown command.
Unknown command.
You are too injured to fight recklessly!
Unknown command.
You are too injured to fight recklessly!
Unknown command.
You are too injured to fight recklessly!
Unknown command.
You are too injured to fight recklessly!
Unknown command.
You are too injured to fight recklessly!
Unknown command.
You barely miss the wight. You hit the wight.
Your +7 hand axe "Ifrif" {spect, rCorr} hits the wight.
You destroy the wight!
The wight hits you with a +3 great sword!!
* * * LOW HITPOINT WARNING * * *
The wight hits you from afar with a +2 spear!
You die...
Your body crumbles into a pile of gold.

##.## ##.## ****,,* ######.[.#
#.# *,,* #........# #.# *,,*
#.####...# *#+## *,,* #.# #####
*#...## *,,* #.#### *#.....#*
*,,* #.##.## ##......!** **,,,
#######.#...####.(......,****,,,*
...............'@$......,+,$,,,,,
#.#####.#...####.z.....>,****,,,*
*,* *#.##.## ##z......** **,,*
*,* *...### *#.[...#* **,* *,*
##.#* *#...## *,* *,* #.# *#'##
*,* *,* #.# *.# *****,* ,,* #.#
*,# *,,,,,* *** *,* **,** *,*****


You could see 2 wights and a friendly +7 hand axe "Ifrif" {spect, rCorr}
(summoned).

Vanquished Creatures
  A centaur zombie (D:5)
  A meliai zombie (D:7)
  2 water moccasins
  A sky beast (D:5)
  A black bear (D:4)
  2 ice beasts (D:6)
  6 ogres
  8 wolves (Bailey)
  A phantom (D:4)
  11 gnoll sergeants
  A scorpion (D:6)
  A bullfrog (D:6)
  8 wights
  3 electric eels (D:6)
  A howler monkey (D:6)
  3 jellies (D:5)
  A centaur skeleton (D:4)
  An orc priest (D:4)
  7 gnoll shamans (Bailey)
  5 hounds
  3 bullfrog skeletons
  A killer bee zombie (D:7)
  A hound skeleton (D:5)
  A howler monkey zombie (D:5)
  44 gnolls
  3 howler monkey skeletons
  4 adders
  A white imp (D:7)
  An adder skeleton (D:4)
  2 worms (D:2)
  A dart slug (D:3)
  6 orcs
  8 bats
  7 endoplasms
  2 giant cockroaches (D:2)
  39 goblins
  28 hobgoblins
  2 jackals (D:5)
  4 quokkas
  5 ball pythons
  3 frilled lizards
  7 kobolds
  4 rats
242 creatures vanquished.

Vanquished Creatures (others)
  A plant (D:4)
1 creature vanquished.

Grand Total: 243 creatures vanquished

Notes
Turn   | Place    | Note
-------+----------+-------------------------------------------
     0 | D:1      | Descartes the Formicid Fighter began the quest for the Orb.
     0 | D:1      | Reached XP level 1. HP: 18/18 MP: 1/1
    24 | D:1      | Reached XP level 2. HP: 22/24 MP: 2/2
   341 | D:1      | Reached skill level 4 in Shields
   404 | D:1      | Reached XP level 3. HP: 28/29 MP: 3/3
   670 | D:1      | Found a faded altar of an unknown god.
  1342 | D:2      | Reached skill level 1 in Poison Magic
  1395 | D:2      | Reached XP level 4. HP: 35/35 MP: 4/4
  1404 | D:2      | Found a hide-covered altar of Uskayaw.
  1865 | D:3      | Identified the +7 hand axe "Ifrif" {spect, rCorr}
  2002 | D:3      | Identified the +1 robe of Vlad {*Corrode Will+++ Str-3
                  | Dex+5}
  2011 | D:3      | Reached skill level 1 in Hexes
  2018 | D:3      | Reached skill level 1 in Earth Magic
  2134 | D:3      | Reached XP level 5. HP: 29/41 MP: 5/5
  2512 | D:3      | Reached skill level 1 in Maces & Flails
  2727 | D:3      | HP: 2/40 [wight/+4 mace (5)]
  2738 | D:3      | Reached skill level 1 in Spellcasting
  2738 | D:3      | Reached skill level 1 in Evocations
  2738 | D:3      | Reached XP level 6. HP: 16/47 MP: 7/7
  2994 | D:4      | Reached skill level 1 in Polearms
  2994 | D:4      | Reached skill level 1 in Translocations
  3012 | D:4      | Reached XP level 7. HP: 38/52 MP: 9/9
  3387 | D:4      | Reached skill level 5 in Shields
  3636 | D:4      | Found a glowing silver altar of Zin.
  4050 | D:5      | Entered Level 5 of the Dungeon
  4060 | D:5      | Reached skill level 5 in Armour
  4060 | D:5      | Reached XP level 8. HP: 23/58 MP: 9/11
  4332 | D:5      | Found a staircase to the Ecumenical Temple.
  4345 | Temple   | Entered the Ecumenical Temple
  4477 | Temple   | Became a worshipper of Gozag Ym Sagoz the Greedy
  4667 | D:5      | Reached skill level 6 in Shields
  5168 | D:5      | Reached XP level 9. HP: 64/64 MP: 12/12
  6525 | D:6      | Reached skill level 7 in Shields
  8124 | D:6      | Reached XP level 10. HP: 53/68 MP: 15/15
  8287 | D:7      | Found a flagged portal.
  8317 | Bailey   | Entered a bailey
  9828 | Bailey   | Reached skill level 8 in Shields
 10785 | D:7      | Reached skill level 5 in Axes
 11423 | D:7      | Identified the +1 robe "Sizor" {rF+ Dex+2 Archmagi}
 11432 | D:7      | Slain by a wight

Illustrated notes

Levels and vault maps discovered:
D:1:      erik_arrival_orb_chamber, layout_basic, ebering_ecumenical_altar_webs,
          serial_corexii_hall, corexii_hall_statues_i, corexii_hall_statues_t,
          chequers_hall_statues_corner_a, minmay_tall_x
D:2:      layout_rooms, basic_altar, serial_bayou_pond_e,
          kennysheep_minor_cross, chequers_serial_rivers_small_b
D:3:      layout_loops_ring
D:4:      layout_loops_ring, mainiacjoe_overflow_concentric_impassable,
          corexii_shack
D:5:      layout_loops_ring, minmay_temple_entry_statues_fountains,
          grunt_decor_fettered, chequers_garden, nicolae_fountain_basement
D:6:      minmay_goblin_kobold_castle, layout_rooms
D:7:      layout_loops_corners, enter_bailey_7
Temple:   mainiacjoe_temple_hex_bubbles

Skill      XL: |  1  2  3  4  5  6  7  8  9 10 |
---------------+-------------------------------+-----
Shields        | 4 5 6 7 8 |  8.3
Poison Magic   | 1 |  1.0
Hexes          | 1 2 3 4 |  4.9
Earth Magic    | 1 2 3 4 |  4.9
Maces & Flails | 1 2 3 4 |  4.0
Armour         | 4 5 6 7 |  7.4
Spellcasting   | 1 2 3 |  3.9
Evocations     | 1 2 3 4 |  4.4
Polearms       | 1 2 3 4 |  4.1
Translocations | 1 2 3 |  3.9
Axes           | 3 4 5 |  5.0
Fighting       | |  3.4

Action                   |  1- 3 |  4- 6 |  7- 9 | 10-12 || total
-------------------------+-------+-------+-------+-------++-------
Melee: War axe           |    87 |    31 |       |       ||   118
       Hand axe          |       |    52 |   166 |   165 ||   383
Invok: Potion Petition   |       |       |       |     3 ||     3
 Abil: Dig               |       |       |     1 |     1 ||     2
  Use: Potion            |       |     1 |     1 |     5 ||     7
       Scroll            |       |       |       |     4 ||     4
 Stab: Distracted        |       |       |     2 |     1 ||     3
       Invisible         |       |       |       |     4 ||     4
Armor: Scale mail        |    53 |    30 |    60 |    23 ||   166
Dodge: Dodged            |    48 |    43 |    58 |    86 ||   235
Block: Buckler           |    36 |    13 |    39 |    53 ||   141
